 Dungeon Crawl Stone Soup version 0.19.0-2-gae57169 (webtiles) character file.

152352 Gingerlord the Tortoise (level 18, -2/195 HPs)
             Began as a Halfling Berserker on Nov 5, 2016.
             Was the Champion of Trog.
             Slain by a naga warrior
             ... wielding a +0 scimitar
              (13 damage)
             ... on level 4 of the Snake Pit.
             The game lasted 01:46:35 (38953 turns).

Gingerlord the Tortoise (Halfling Berserker)       Turns: 38953, Time: 01:46:35

Health: -2/195     AC: 25    Str: 33    XL:     18   Next: 20%
Magic:  18/18      EV: 22    Int:  5    God:    Trog [******]
Gold:   833        SH:  0    Dex: 20    Spells: 0 memorised, 17 levels left

rFire  + . .     SeeInvis .     h - +6 broad axe (freeze)
rCold  + + .     Gourm    +     N - +3 chain mail "Sopniakh" {rPois rF+ rC+}
rNeg   . . .     Faith    .     (shield currently unavailable)
rPois  +         Spirit   .     P - +0 helmet
rElec  .         Reflect  .     t - +0 cloak
rCorr  .         Harm     .     e - +1 pair of gloves {archery}
MR     +....                    I - +1 pair of boots
Stlth  ..........               B - amulet of Dominupu {Gourm Str+2}
                                X - ring of protection from cold
                                x - +6 ring of strength

@: berserking, constricted, very quick
A: mutation resistance 1
a: Berserk, Trog's Hand, Brothers in Arms, Burn Spellbooks, Renounce Religion


You were on level 4 of the Snake Pit.
You worshipped Trog.
Trog was exalted by your worship.
You were full.

You visited 4 branches of the dungeon, and saw 27 of its levels.
You also visited: Sewer and Ice Cave.

You collected 3361 gold pieces.
You spent 2528 gold pieces at shops.

Inventory:

Hand Weapons
 b - the +1 arbalest of the Ancients {freeze, MR+ Str+5 Dex-2}
   (You acquired it on level 6 of the Lair of Beasts)

   It causes projectiles fired from it to freeze those they strike, causing
   extra injury to most foes and up to half again as much damage against
   particularly susceptible opponents.
   They can also slow down cold-blooded creatures.
   It affects your strength (+5).
   It affects your dexterity (-2).
   It affects your resistance to hostile enchantments.
 h - a +6 broad axe of freezing (weapon)
 V - a +3 triple crossbow of freezing
Missiles
 R - 203 bolts
Armour
 e - a +1 pair of gloves of archery (worn)
 t - a +0 cloak (worn)
 I - a +1 pair of boots (worn)
 N - the +3 chain mail "Sopniakh" (worn) {rPois rF+ rC+}
   (You found it on level 3 of the Lair of Beasts)

   It protects you from fire.
   It protects you from cold.
   It protects you from poison.
 O - the +0 pair of gloves of Love and Death {-Cast Int+4 Stlth+}
   (You acquired it on level 1 of the Snake Pit)

   It affects your intelligence (+4).
   It prevents spellcasting.
   It makes you more stealthy.
 P - a +0 helmet (worn)
Jewellery
 g - an uncursed ring of flight
 x - a +6 ring of strength (left hand)
 B - the amulet of Dominupu (around neck) {Gourm Str+2}
   (You bought it in a shop on level 1 of the Snake Pit)

   [amulet of the gourmand]

   It allows you to eat raw meat even when not hungry.
   It affects your strength (+2).
 Q - an uncursed ring of protection from magic
 X - a ring of protection from cold (right hand)
Wands
 a - a wand of teleportation (6/9)
 u - a wand of heal wounds (6/9)
 v - a wand of teleportation (3/9)
 H - a wand of digging (4/24)
Scrolls
 d - a scroll of acquirement
 i - a scroll of silence
 j - 7 scrolls of remove curse
 m - a scroll of enchant weapon
 p - 4 scrolls of recharging
 y - 2 scrolls of holy word
 C - 7 scrolls of identify
 F - 3 scrolls of enchant armour
 L - a scroll of magic mapping
 M - 5 scrolls of blinking
 S - 2 scrolls of fear
 T - 3 scrolls of teleportation
Potions
 f - 2 potions of cure mutation
 l - 2 potions of cancellation
 o - 3 potions of magic
 q - 4 potions of flight
 r - 5 potions of brilliance
 s - 6 potions of agility
 w - 3 potions of might
 z - a potion of mutation
 A - 3 potions of invisibility
 D - 3 potions of ambrosia
 E - 9 potions of curing
 G - 5 potions of haste
 J - 2 potions of resistance
 K - a potion of heal wounds
 W - 3 potions of lignification
Comestibles
 c - 8 bread rations
 k - 10 meat rations
 n - a slice of pizza
 U - 3 beef jerkies


   Skills:
 + Level 13.8 Fighting
 + Level 14.8 Axes
 + Level 10.7 Crossbows
 + Level 16.0 Armour
 + Level 15.8 Dodging


You had 17 spell levels left.
You didn't know any spells.

Dungeon Overview and Level Annotations

Branches:
Dungeon (15/15)            Temple (0/1) D:7            Lair (6/6) D:11
 Shoals (0/4) Lair:2        Snake (4/4) Lair:3        Slime (0/5) Lair:5
    Orc (2/2) D:9             Elf (0/3) Orc:2        Vaults (0/5) D:13
 Depths (0/5) D:15

Altars:
Ashenzari
Dithmenos
Gozag
Kikubaaqudgha
Makhleb
Ru
Sif Muna
Vehumet
Xom
Beogh

Shops:
D:4 %!(}*   D:15 *   Orc:2 *!}?(   Snake:1 !==}   Snake:3 (

Portals:
Hell: Lair:6

Annotations:
D:13 exclusion: oklob plant
Lair:4 exclusion: oklob plant
Snake:4 exclusion: Roxanne, Roxanne


Innate Abilities, Weirdness & Mutations

You are small and have problems with some larger weapons.
You are somewhat resistant to further mutation.


Message History

You freeze the shock serpent!
You feel the power of Trog in you as your rage grows.
You kill the shock serpent!
Trog accepts your kill. The naga warrior blocks your attack.
The air sparks with electricity, shocking you!
* * * LOW HITPOINT WARNING * * *
You hear an angry hiss.
You are too berserk!
The naga warrior blocks your attack.
The naga warrior is moderately wounded.
The naga warrior completely misses you. The naga warrior constricts you.
The naga warrior blocks your attack.
The naga warrior is moderately wounded.
You slice the naga warrior!! You freeze the naga warrior!
The naga warrior is heavily wounded.
The naga warrior blocks your attack.
The naga warrior is heavily wounded.
The naga warrior hits you with a scimitar!
You die...

#..# #..#.......# ..#
#..........# ..#
#.....)....# ..#
#..........# ..#
##......†...#
..####.....).#####
....##.....#'#..(##
..........##?...()#
..........#.)..N@##
...)......#..)())#
..........#....)†#
..........#......'.....
##...#+##.########.....
+#### #... ..... ....
.... ..... .... ..# ...


You could see a naga warrior.

Vanquished Creatures
  Kirke (Snake:1)
  Agnes (D:15)
  Louise (D:15)
  Azrael (Snake:1)
  A dire elephant (Lair:6)
  Snorg (Orc:2)
  A fire dragon (D:15)
  Josephine (Lair:4)
  An ice dragon (D:15)
  13 hydras
  9 naga warriors
  4 vault guards (D:13)
  Erolcha (Orc:2)
  A hell beast (Lair:6)
  5 anacondas
  2 centaur warriors
  A death knight (D:14)
  A queen ant (Lair:2)
  An ogre mage (Orc:2)
  3 tengu warriors
  11 naga sharpshooters
  4 death yaks (Lair:3)
  5 shock serpents
  Urug (D:15)
  2 orc high priests
  A salamander mystic (Snake:1)
  Nergalle (Orc:2)
  3 unseen horrors
  7 hill giants
  3 naga ritualists
  3 wizards
  3 orc knights
  4 deep elf magi (D:14)
  A necromancer (IceCv)
  13 mana vipers
  7 orc sorcerers (Orc:2)
  13 ugly things
  A manticore (D:11)
  8 salamanders
  24 black mambas
  3 ice statues (IceCv)
  2 elephants
  3 cyclopes
  5 naga magi
  Joseph (D:9)
  6 guardian serpents
  2 sirens (Lair:2)
  2 orange demons (Lair:6)
  8 spiny frogs
  7 komodo dragons
  3 kobold demonologists (D:15)
  12 ice devils
  A tengu conjurer (D:14)
  A freezing wraith (D:14)
  2 red devils (Lair:6)
  A hellwing (Lair:6)
  A queen bee (D:12)
  7 trolls
  2 merfolk (Lair:2)
  3 slime creatures (Lair:5)
  A dream sheep (Lair:6)
  11 blink frogs
  3 two-headed ogres
  9 hippogriffs
  3 hogs (Snake:1)
  A vampire (D:15)
  28 yaks
  3 wyverns
  5 fire elementals
  7 wraiths
  Eustachio (D:6)
  4 basilisks
  2 steam dragons
  Grum (Lair:1)
  2 hungry ghosts (D:9)
  13 vampire mosquitoes
  Edmund (D:6)
  Menkaure (D:6)
  2 wargs (Orc:1)
  A mottled dragon (D:13)
  36 nagas
  5 swamp worms (Lair:1)
  14 water moccasins
  22 soldier ants
  10 porcupines
  2 hell hounds
  7 ice beasts
  A hornet zombie (D:9)
  30 orc warriors
  5 phantoms
  23 ogres
  2 eyes of draining
  5 sky beasts
  4 boggarts (D:12)
  10 centaurs
  28 crocodiles
  9 big kobolds
  A gnoll sergeant (D:9)
  23 bullfrogs
  A water moccasin skeleton (D:4)
  23 killer bees
  5 scorpions
  2 howler monkeys
  6 electric eels
  19 wights
  8 crimson imps
  A draconian simulacrum (IceCv)
  A bullfrog zombie (D:11)
  2 quasits
  38 orc wizards
  7 centaur zombies
  A gnoll shaman (D:8)
  15 orc priests
  5 hounds
  8 jellies
  A bullfrog skeleton (D:6)
  6 centaur skeletons
  14 iguanas
  A spriggan simulacrum (IceCv)
  5 troll simulacra (IceCv)
  27 worker ants
  2 hound zombies (D:8)
  A worker ant zombie (D:11)
  8 gnolls
  15 adders
  3 naga simulacra (IceCv)
  6 shadow imps
  9 oozes
  2 adder zombies
  2 adder skeletons
  16 worms
  A dart slug (D:1)
  8 leopard geckos
  113 orcs
  4 ball pythons
  7 giant cockroaches
  11 goblins
  2 hobgoblins
  14 jackals
  52 kobolds
  A quokka (D:8)
  8 bats
  13 frilled lizards
  2 leopard gecko skeletons
  A quokka skeleton (D:8)
  8 rats
  6 fungi
  8 plants
1092 creatures vanquished.

Vanquished Creatures (collateral kills)
  2 hydras
  An elephant (Lair:6)
  A gargoyle (D:10)
  A blink frog (Lair:6)
  6 yaks (Lair:1)
  3 swamp worms (Lair:1)
  A hell hound (D:11)
  3 wolves (Lair:1)
  2 crocodiles (Lair:1)
  2 bullfrogs (Lair:1)
  2 orc priests (D:11)
  3 orcs (D:11)
27 creatures vanquished.

Vanquished Creatures (others)
  A black mamba (Snake:2)
  The ghost of SomeoneAwful the Destroyer, a novice DECj of Vehumet (D:7)
  A human (Snake:2)
  A phantom (D:7)
  An adder (D:7)
  An orc (Orc:1)
  3 fulminant prisms (D:7)
  10 fungi
  9 plants
28 creatures vanquished.

Grand Total: 1147 creatures vanquished

Notes
Turn   | Place    | Note
-------+----------+-------------------------------------------
     0 | D:1      | Gingerlord the Halfling Berserker began the quest for the Orb.
     0 | D:1      | Reached XP level 1. HP: 15/15 MP: 1/1
   177 | D:1      | Reached XP level 2. HP: 13/20 MP: 2/2
   788 | D:2      | Reached XP level 3. HP: 22/26 MP: 3/3
   957 | D:2      | Reached ** piety under Trog
  1221 | D:2      | Reached XP level 4. HP: 31/31 MP: 4/4
  1967 | D:3      | Reached skill level 3 in Armour
  1967 | D:3      | Reached XP level 5. HP: 34/36 MP: 5/5
  2116 | D:3      | Found a glowing drain.
  2130 | Sewer    | Entered a sewer
  2150 | Sewer    | Noticed a big kobold
  2156 | Sewer    | Killed a big kobold
  2156 | Sewer    | Reached XP level 6. HP: 41/43 MP: 6/6
  2224 | Sewer    | Reached skill level 4 in Armour
  2279 | Sewer    | Reached XP level 7. HP: 48/48 MP: 7/7
  2926 | D:4      | Found Keuvommi's Gadget Emporium.
  2953 | D:4      | Reached *** piety under Trog
  3046 | D:4      | You fall through a shaft!
  3046 | D:5      | Entered Level 5 of the Dungeon
  3638 | D:4      | Found Ushroud's Distillery.
  3691 | D:4      | Found Zaos's Food Shoppe.
  3703 | D:4      | Reached skill level 5 in Axes
  3723 | D:4      | Reached XP level 8. HP: 17/54 MP: 8/8
  3724 | D:4      | Reached skill level 5 in Dodging
  3998 | D:4      | Found an opulent altar of Gozag.
  4040 | D:4      | Reached skill level 5 in Armour
  4156 | D:4      | Found Kiuseuf's Antique Weapon Emporium.
  4199 | D:4      | Found Kadeos's Assorted Antiques.
  4290 | D:4      | Reached skill level 5 in Fighting
  4323 | D:4      | Found an ancient bone altar of Kikubaaqudgha.
  4920 | D:6      | Noticed Eustachio
  4952 | D:6      | Killed Eustachio
  4963 | D:6      | Noticed Menkaure
  4970 | D:6      | Killed Menkaure
  5147 | D:6      | Reached XP level 9. HP: 57/61 MP: 9/9
  5226 | D:6      | Noticed Edmund
  5235 | D:6      | Killed Edmund
  5235 | D:6      | Reached skill level 6 in Armour
  5901 | D:6      | Reached **** piety under Trog
  6126 | D:7      | Found a staircase to the Ecumenical Temple.
  6213 | D:7      | Noticed SomeoneAwful's ghost (novice DECj)
  6234 | D:7      | Killed SomeoneAwful's ghost
  6421 | D:7      | Reached skill level 7 in Armour
  7108 | D:8      | Reached XP level 10. HP: 67/69 MP: 10/10
  7322 | D:8      | Found a sacrificial altar of Ru.
  7768 | D:8      | Reached skill level 8 in Armour
  8236 | D:9      | Noticed Joseph
  9065 | D:4      | Bought a wand of teleportation (7/9) for 363 gold pieces
  9233 | D:8      | Reached ***** piety under Trog
  9922 | D:9      | Killed Joseph
  9922 | D:9      | Reached skill level 9 in Armour
  9922 | D:9      | Reached XP level 11. HP: 48/76 MP: 11/11
 10315 | D:9      | Found a staircase to the Orcish Mines.
 10797 | D:9      | Received a gift from Trog
 10873 | D:10     | Entered Level 10 of the Dungeon
 10959 | D:10     | Noticed a hill giant
 10977 | D:10     | Killed a hill giant
 11073 | D:10     | Noticed a cyclops
 11092 | D:10     | Killed a cyclops
 11389 | D:10     | Reached skill level 10 in Armour
 11970 | D:10     | You fall through a shaft for 2 floors!
 12012 | D:12     | Noticed a death knight
 12012 | D:12     | Noticed a skeletal warrior
 12012 | D:12     | Noticed a skeletal warrior
 12012 | D:12     | Noticed a phantasmal warrior
 12193 | D:11     | Noticed a hill giant
 12197 | D:11     | Noticed a cyclops
 12206 | D:11     | Killed a hill giant
 12215 | D:11     | Killed a cyclops
 12359 | D:11     | Noticed a hill giant
 12370 | D:11     | Killed a hill giant
 12370 | D:11     | Reached skill level 10 in Dodging
 12536 | D:11     | Noticed a manticore
 12539 | D:11     | Found a staircase to the Lair.
 12743 | D:10     | Received a gift from Trog
 12953 | D:11     | Reached XP level 12. HP: 84/84 MP: 12/12
 13680 | D:10     | HP: 2/84 [gargoyle/stone arrow (16)]
 14030 | D:11     | Noticed a death knight
 14069 | D:11     | Found a roughly hewn altar of Beogh.
 14079 | D:11     | Reached skill level 10 in Axes
 14115 | Lair:1   | Entered Level 1 of the Lair of Beasts
 14129 | Lair:1   | Noticed Grum
 14140 | Lair:1   | Killed Grum
 14157 | Lair:1   | Noticed a four-headed hydra
 14160 | Lair:1   | Killed a four-headed hydra
 14703 | D:10     | Reached skill level 11 in Armour
 15049 | Lair:1   | Received a gift from Trog
 15827 | Lair:1   | HP: 5/129 [swamp worm (11)]
 15832 | Lair:1   | HP: 1/86 [bullfrog (4)]
 16582 | Lair:2   | Noticed a six-headed hydra
 16680 | Lair:2   | Reached XP level 13. HP: 87/92 MP: 1/13
 17337 | Lair:2   | Reached skill level 10 in Fighting
 17531 | Lair:2   | Reached skill level 12 in Armour
 18016 | Lair:2   | Noticed a four-headed hydra
 18053 | Lair:2   | Killed a seven-headed hydra
 18305 | Lair:3   | Found a shadowy altar of Dithmenos.
 18870 | Lair:3   | Found a staircase to the Snake Pit.
 18950 | Lair:3   | Received a gift from Trog
 19089 | Lair:3   | Got a faintly glowing chain mail
 19100 | Lair:3   | Identified the +3 chain mail "Sopniakh" {rPois rF+ rC+} (You found it on level 3 of the Lair of Beasts)
 19245 | Lair:4   | Noticed Josephine
 19260 | Lair:4   | Killed Josephine
 19353 | Lair:4   | Found a frozen archway.
 19361 | IceCv    | Entered an ice cave
 19687 | IceCv    | Reached XP level 14. HP: 81/99 MP: 11/14
 20981 | Lair:4   | Reached skill level 1 in Crossbows
 21302 | Lair:5   | Reached skill level 13 in Armour
 21712 | Lair:5   | Found a staircase to the Slime Pits.
 22339 | Lair:5   | Received a gift from Trog
 22779 | Lair:6   | Entered Level 6 of the Lair of Beasts
 23118 | Lair:6   | Identified a scroll of acquirement
 23123 | Lair:6   | Got a polished arbalest
 23124 | Lair:6   | Identified the +1 arbalest of the Ancients {freeze, MR+ Str+5 Dex-2} (You acquired it on level 6 of the Lair of Beasts)
 23504 | Lair:6   | Noticed a dire elephant
 23659 | Lair:6   | Noticed a dire elephant
 24037 | Lair:6   | Killed a dire elephant
 24434 | Lair:6   | Reached XP level 15. HP: 85/107 MP: 13/15
 24484 | Lair:6   | Found a burning altar of Makhleb.
 24742 | Lair:6   | Found a gateway to Hell.
 25181 | Lair:2   | Reached skill level 5 in Crossbows
 25433 | Lair:2   | Found a staircase to the Shoals.
 25968 | Orc:1    | Entered Level 1 of the Orcish Mines
 26061 | D:9      | Received a gift from Trog
 26518 | Orc:2    | Entered Level 2 of the Orcish Mines
 26607 | Orc:2    | Received a gift from Trog
 26644 | Orc:2    | Noticed Snorg
 26657 | Orc:2    | Killed Snorg
 26743 | Orc:2    | Found a roughly hewn altar of Beogh.
 26834 | Orc:2    | Found Yckisoeck's Antique Weapon Shoppe.
 26886 | Orc:2    | Found Uhosuy's Magic Scroll Emporium.
 26899 | Orc:2    | Bought 2 scrolls of blinking for 180 gold pieces
 26899 | Orc:2    | Bought a scroll of blinking for 90 gold pieces
 26899 | Orc:2    | Bought a scroll of teleportation for 36 gold pieces
 26899 | Orc:2    | Bought a scroll of enchant weapon for 90 gold pieces
 26899 | Orc:2    | Bought a scroll of recharging for 114 gold pieces
 26946 | Orc:2    | Found a radiant altar of Vehumet.
 26947 | Orc:2    | Noticed Erolcha
 26954 | Orc:2    | Paralysed by an orc sorcerer for 4 turns
 27054 | Orc:2    | Reached skill level 14 in Armour
 27065 | Orc:2    | Killed Erolcha
 27117 | Orc:2    | Found Riss's Gadget Emporium.
 27139 | Orc:2    | Noticed Nergalle
 27141 | Orc:2    | Found an ancient bone altar of Kikubaaqudgha.
 27151 | Orc:2    | Killed Nergalle
 27297 | Orc:2    | Found Coaloon's Distillery.
 27297 | Orc:2    | Found a roughly hewn altar of Beogh.
 27368 | Orc:2    | Bought a potion of curing for 42 gold pieces
 27368 | Orc:2    | Bought a potion of curing for 42 gold pieces
 27368 | Orc:2    | Bought a potion of curing for 42 gold pieces
 27368 | Orc:2    | Bought a potion of might for 56 gold pieces
 27368 | Orc:2    | Bought a potion of agility for 56 gold pieces
 27467 | Orc:2    | Received a gift from Trog
 27657 | Orc:2    | Found Aeemeuf's Alliterative Accessories.
 27677 | Orc:2    | Bought a potion of agility for 60 gold pieces
 27689 | Orc:2    | Found a staircase to the Elven Halls.
 27977 | Orc:1    | Reached ****** piety under Trog
 28504 | D:11     | Received a gift from Trog
 28884 | D:13     | Found a shattered altar of Ashenzari.
 29146 | D:13     | Found a gate to the Vaults.
 29198 | D:13     | Reached XP level 16. HP: 65/115 MP: 12/16
 29545 | D:13     | Received a gift from Trog
 31142 | D:14     | Found a shattered altar of Ashenzari.
 31623 | D:14     | Received a gift from Trog
 31794 | D:15     | Entered Level 15 of the Dungeon
 32168 | D:15     | Noticed Agnes
 32179 | D:15     | Killed Agnes
 32179 | D:15     | Reached skill level 15 in Armour
 32198 | D:15     | Noticed Louise
 32245 | D:15     | Killed Louise
 32652 | D:15     | Found a staircase to the Depths.
 32837 | D:15     | Noticed Urug
 32855 | D:15     | Killed Urug
 32884 | D:15     | Reached skill level 15 in Dodging
 32890 | D:15     | Found Dilewkin's Assorted Antiques.
 32894 | D:15     | Bought a potion of curing for 81 gold pieces
 32894 | D:15     | Bought a scroll of teleportation for 81 gold pieces
 32894 | D:15     | Bought a bloodstained chain mail for 256 gold pieces
 32904 | D:15     | Identified the +1 chain mail "Lathruick" {rN+} (You bought it in a shop on level 15 of the Dungeon)
 33466 | Snake:1  | Entered Level 1 of the Snake Pit
 33482 | Snake:1  | Reached XP level 17. HP: 114/122 MP: 17/17
 33666 | Snake:1  | Found a shimmering altar of Xom.
 33669 | Snake:1  | Noticed Kirke
 33686 | Snake:1  | Killed Kirke
 33724 | Snake:1  | Received a gift from Trog
 33748 | Snake:1  | Got a pair of shimmering gloves
 33947 | Snake:1  | Identified the +0 pair of gloves of Love and Death {-Cast Int+4 Stlth+} (You acquired it on level 1 of the Snake Pit)
 34335 | Snake:1  | Noticed Azrael
 34344 | Snake:1  | Killed Azrael
 34614 | Snake:1  | Found Lux Fimu's Gadget Emporium.
 34615 | Snake:1  | Found Eqeil's Jewellery Shop.
 34615 | Snake:1  | Found Ruzek's Jewellery Shop.
 34631 | Snake:1  | Bought the amulet of Dominupu {Gourm Str+2} for 741 gold pieces
 34810 | Snake:1  | Found Wakhes's Distillery.
 34818 | Snake:1  | Bought a potion of curing for 33 gold pieces
 34818 | Snake:1  | Bought a potion of heal wounds for 55 gold pieces
 34818 | Snake:1  | Bought a potion of haste for 110 gold pieces
 35852 | Snake:2  | Reached skill level 10 in Crossbows
 35923 | Snake:2  | Found a deep blue altar of Sif Muna.
 36487 | Snake:3  | Received a gift from Trog
 36592 | Snake:3  | Received a gift from Trog
 36955 | Snake:3  | Found Neliqo's Weapon Boutique.
 37609 | Snake:4  | Entered Level 4 of the Snake Pit
 37702 | Snake:4  | Noticed Roxanne
 38118 | Snake:4  | Reached XP level 18. HP: 113/130 MP: 18/18
 38180 | Snake:4  | Received a gift from Trog
 38823 | Snake:4  | Reached skill level 16 in Armour
 38953 | Snake:4  | Slain by a naga warrior

Skill      XL: |  1  2  3  4  5  6  7  8  9 10 11 12 13 14 15 16 17 18 |
---------------+-------------------------------------------------------+-----
Fighting       | 3 4 5 6 7 8 9 10 11 12 13 | 13.8
Dodging        | 3 4 6 7 8 10 11 12 13 14 15 | 15.8
Armour         | 3 4 5 7 9 10 11 12 13 14 15 16 | 16.0
Axes           | 4 5 6 7 8 9 10 11 12 13 14 | 14.8
Crossbows      | 4 7 8 10 | 10.7

Action                   |  1- 3 |  4- 6 |  7- 9 | 10-12 | 13-15 | 16-18 || total
-------------------------+-------+-------+-------+-------+-------+-------++-------
Melee: Hand axe          |    85 |   120 |   410 |   146 |       |       ||   761
       War axe           |       |       |       |   786 |       |       ||   786
       Unarmed           |       |       |       |     2 |       |       ||     2
       Broad axe         |       |       |       |   157 |  1312 |  1021 ||  2490
Invok: Burn Spellbooks   |     1 |       |       |     2 |       |     2 ||     5
       Berserk           |       |       |     3 |    16 |    13 |     7 ||    39
       Trog's Hand       |       |       |       |     2 |       |       ||     2
       Brothers in Arms  |       |       |       |     6 |     6 |       ||    12
Evoke: Wand              |       |       |       |     7 |     5 |     2 ||    14
  Use: Potion            |     2 |       |     2 |    12 |     4 |     1 ||    21
       Scroll            |       |       |     7 |    19 |    18 |     5 ||    49
 Stab: Sleeping          |     1 |       |       |       |       |       ||     1
  Eat: Chunk             |     1 |     3 |     9 |    29 |    31 |    27 ||   100
       Bread ration      |       |       |     1 |     2 |       |       ||     3
       Pizza             |       |       |     1 |     1 |       |     1 ||     3
       Fruit             |       |       |     1 |     2 |       |       ||     3
       Royal jelly       |       |       |     1 |     4 |     6 |     2 ||    13
       Meat ration       |       |       |       |     2 |     2 |     2 ||     6
       Beef jerky        |       |       |       |     2 |     2 |     1 ||     5
Armor: Animal skin       |     8 |       |       |       |       |       ||     8
       Plate armour      |    29 |    64 |   151 |   511 |    89 |       ||   844
       Skin              |       |       |       |    47 |       |       ||    47
       Chain mail        |       |       |       |       |   486 |   387 ||   873
Dodge: Dodged            |    81 |    59 |   223 |   951 |  1411 |  1015 ||  3740
